 Dungeon Crawl Stone Soup version 0.24.0-123-gd5b16e6ec5 (webtiles) character file.

Game seed: 1006132492451190523, levelgen mode: deterministic

3385 H0rd4k the Thaumaturge (level 9, -2/47 HPs)
             Began as a Deep Elf Wizard on Dec 22, 2019.
             Hit by a large rock thrown by a cyclops (27 damage)
             ... on level 8 of the Dungeon on Dec 23, 2019.
             The game lasted 00:20:10 (7534 turns).

H0rd4k the Thaumaturge (Deep Elf Wizard)            Turns: 7534, Time: 00:20:10

Health: -2/47      AC:  5    Str:  4    XL:     9   Next: 74%
Magic:  27/27      EV: 12    Int: 27    God:
Gold:   312        SH:  0    Dex: 13    Spells: 23/32 levels left

rFire    + + .     SeeInvis .   D - +6 falchion of Tuefy {vamp, -Tele rElec rF++ rC+}
rCold    + + .     Gourm    .   (no shield)
rNeg     . . .     Faith    .   s - +2 leather armour {rC+}
rPois    .         Spirit   .   b - +0 hat
rElec    +         Reflect  .   (no cloak)
rCorr    .         Harm     .   (no gloves)
MR       .....     NoTele   +   (no boots)
Stlth    ++........             (no amulet)
HPRegen  0.15/turn              (no ring)
MPRegen  0.20/turn              (no ring)

@: heavily drained
A: no striking features
a: no special abilities


You were on level 8 of the Dungeon.
You were very hungry.

You visited 1 branch of the dungeon, and saw 8 of its levels.

You collected 312 gold pieces.

Inventory:

Hand Weapons
 D - the +6 falchion of Tuefy (weapon) {vamp, -Tele rElec rF++ rC+}
   (You found it on level 7 of the Dungeon)

   It inflicts no extra harm, but heals its wielder when it wounds a living foe.
   It greatly protects you from fire.
   It protects you from cold.
   It insulates you from electricity.
   It prevents most forms of teleportation.
Missiles
 F - 5 curare-tipped darts (quivered)
Armour
 a - a +0 robe
 b - a +0 hat (worn)
 s - a +2 leather armour of cold resistance (worn)
Wands
 w - a wand of digging (6)
 A - a wand of polymorph (9)
 E - a wand of acid (11)
 G - a wand of paralysis (5)
Scrolls
 e - 2 scrolls of enchant weapon {unknown}
 f - a scroll of magic mapping {unknown}
 g - 3 scrolls of remove curse {unknown}
 i - 4 scrolls of enchant armour {unknown}
 j - 5 scrolls of identify {unknown}
 p - a scroll of random uselessness {unknown}
 q - a scroll of blinking {unknown}
 r - a scroll of amnesia {unknown}
 v - 2 scrolls of fear {unknown}
 x - 3 scrolls of teleportation {unknown}
 y - a scroll of immolation {unknown}
 H - a scroll of noise {unknown}
Potions
 c - 2 potions of flight {unknown}
 h - a potion of resistance
 k - 7 potions of curing
 l - a potion of brilliance {unknown}
 m - 2 potions of agility {unknown}
 n - a potion of ambrosia {unknown}
 o - a potion of heal wounds {unknown}
 t - a potion of mutation {unknown}
 u - a potion of berserk rage {unknown}
 z - 3 potions of haste {unknown}
 B - a potion of magic {unknown}
 C - a potion of degeneration {unknown}
Comestibles
 d - 14 rations


   Skills:
 + Level 1.5(0.0) Fighting
 + Level 2.3(0.7) Armour
 + Level 4.8(3.1) Dodging
 + Level 4.3(2.6) Stealth
 + Level 12.3(10.2) Spellcasting
 + Level 7.6(5.7) Conjurations
   Level 1.1(0.0) Summonings
 + Level 2.2(0.6) Translocations
 + Level 2.1(0.5) Fire Magic
 + Level 2.9(1.2) Air Magic
 + Level 2.1(0.5) Poison Magic


You had 23 spell levels left.
You knew the following spells:

 Your Spells              Type           Power        Failure   Level  Hunger
a - Magic Dart            Conj           ####         1%          1    None
b - Blink                 Tloc           N/A          9%          2    None
c - Conjure Flame         Conj/Fire      ####....     6%          3    None
d - Mephitic Cloud        Conj/Pois/Air  ####....     9%          3    None

Your spell library contained the following spells:

 Spells                   Type           Power        Failure   Level  Hunger
 Call Imp                 Summ           ##......     12%         2    None
 Slow                     Hex            ##......     12%         2    None


Dungeon Overview and Level Annotations

Branches:
Dungeon (8/15)             Temple (0/1) D:4
   Lair: D:8-11

Altars:
Cheibriados
Elyvilon
Kikubaaqudgha
Makhleb
Okawaru
Ru
Trog
Uskayaw
Vehumet
The Shining One

Annotations:
D:2 exclusion: downstairs
D:3 1 runed translucent door, 2 transporters, exclusion: door, Crazy Yiuf; nano's ghost, weakling BaTm
D:5 exclusions: downstairs and upstairs
D:6 exclusion: downstairs


Message History

You climb downwards.
You hear the roar of battle.
There is an entrance to a bailey on this level.
Hurry and find it before the portal closes forever!
Found a scroll labeled AFY HE SEX and 7 gold pieces.
There is a stone staircase leading up here.
Found a halberd.
Found a stone staircase leading down.
Found two spears.
Found a flagged portal.
Found a spear.
q - a scroll labeled AFY HE SEX You now have 312 gold pieces (gained 7).
A cyclops comes into view.
The cyclops shouts!
The cyclops throws a large rock.
The large rock hits you!!
Found a scroll labeled PESSAVVIOPS.
Found a stone staircase leading down.
You see here a large rock.
The portal is a mimic!
The portal mimic chuckles and vanishes in a puff of smoke!
The cyclops throws a large rock.
The large rock hits you!!
Ouch! That really hurt!
You die...

####### C..#>..##
........####
........... ..........#
.......)..# #
......)ยง).##
########.#
.......@...###........#
###....(...#..........#
#####...............#
##................#
#.................#
#.................#
..............######
##................#
....#....<.....##...


You could see a cyclops.

Vanquished Creatures
  Pikel (D:3)
  A troll (D:6)
  Eustachio (D:5)
  3 sky beasts
  2 black bears
  6 ogres
  2 centaurs
  2 bullfrogs (D:6)
  A gnoll sergeant (D:7)
  2 scorpions
  7 wights
  A howler monkey (D:5)
  2 vampire bats (D:4)
  A bullfrog zombie (D:6)
  A centaur zombie (D:6)
  An orc priest (D:5)
  2 bullfrog skeletons
  2 jellies
  A hound (D:6)
  An orc wizard (D:4)
  Ijyb (D:4)
  4 worker ants
  4 iguanas
  2 hound zombies
  A hound skeleton (D:7)
  3 gnolls (D:7)
  12 adders
  A shadow imp (D:5)
  3 oozes
  An adder zombie (D:5)
  An adder skeleton (D:5)
  4 worms
  4 dart slugs
  4 leopard geckos
  14 orcs
  5 bats
  2 bat skeletons (D:4)
  4 bat zombies (D:4)
  6 giant cockroaches
  8 goblins
  11 hobgoblins
  3 jackals
  4 quokkas
  6 frilled lizards
  9 kobolds
  A leopard gecko skeleton (D:6)
  8 rats
166 creatures vanquished.

Vanquished Creatures (others)
  3 slaves (D:4)
  A worker ant (D:4)
  A frilled lizard (D:4)
5 creatures vanquished.

Grand Total: 171 creatures vanquished

Notes
Turn   | Place    | Note
-------+----------+-------------------------------------------
     0 | D:1      | H0rd4k the Deep Elf Wizard began the quest for the Orb.
     0 | D:1      | Reached XP level 1. HP: 10/10 MP: 7/7
   109 | D:1      | Reached skill level 5 in Spellcasting
   109 | D:1      | Reached XP level 2. HP: 15/15 MP: 2/10
   712 | D:2      | Reached XP level 3. HP: 18/19 MP: 4/12
   868 | D:2      | Reached skill level 6 in Spellcasting
   989 | D:2      | Found a burning altar of Makhleb.
  1136 | D:1      | Learned a level 2 spell: Blink
  1140 | D:1      | Learned a level 3 spell: Conjure Flame
  1144 | D:1      | Learned a level 3 spell: Mephitic Cloud
  1177 | D:2      | Reached XP level 4. HP: 24/24 MP: 1/14
  1491 | D:2      | Found a white marble altar of Elyvilon.
  1606 | D:3      | Noticed nano's ghost (weakling BaTm)
  1752 | D:3      | Reached skill level 7 in Spellcasting
  1788 | D:3      | Found a runed translucent door.
  1789 | D:3      | Noticed Crazy Yiuf
  1818 | D:3      | Found a transporter.
  1819 | D:3      | Found a transporter.
  1862 | D:3      | Reached XP level 5. HP: 17/28 MP: 4/16
  2375 | D:4      | Noticed a slave
  2408 | D:4      | Noticed a slave
  2414 | D:4      | Noticed Pikel
  2416 | D:4      | Noticed a slave
  2416 | D:4      | Noticed a slave
  2703 | D:3      | Killed Pikel
  2703 | D:3      | Reached skill level 8 in Spellcasting
  2703 | D:3      | Reached XP level 6. HP: 28/32 MP: 4/19
  2703 | D:3      | Reached XP level 7. HP: 31/36 MP: 4/21
  2996 | D:4      | Reached skill level 9 in Spellcasting
  3239 | D:4      | Found a bloodstained altar of Trog.
  3241 | D:5      | Entered Level 5 of the Dungeon
  3437 | D:5      | Noticed Eustachio
  3446 | D:5      | Killed Eustachio
  3446 | D:5      | Reached skill level 5 in Conjurations
  3452 | D:5      | Reached skill level 1 in Fire Magic
  3452 | D:5      | Reached XP level 8. HP: 41/41 MP: 5/23
  3601 | D:5      | Reached skill level 1 in Air Magic
  3679 | D:5      | Reached skill level 1 in Poison Magic
  3688 | D:5      | Reached skill level 10 in Spellcasting
  4625 | D:4      | Reached skill level 1 in Armour
  4678 | D:4      | Noticed Ijyb
  4703 | D:4      | Killed Ijyb
  4768 | D:4      | Found an ancient bone altar of Kikubaaqudgha.
  4947 | D:4      | Found an iron altar of Okawaru.
  4998 | D:4      | Found a staircase to the Ecumenical Temple.
  5292 | D:6      | Noticed a troll
  5296 | D:6      | Reached skill level 11 in Spellcasting
  5489 | D:6      | Reached XP level 9. HP: 46/46 MP: 17/26
  5631 | D:6      | Found a hide-covered altar of Uskayaw.
  5699 | D:6      | Found a snail-covered altar of Cheibriados.
  5981 | D:6      | Killed a troll
  6058 | D:6      | Reached skill level 12 in Spellcasting
  6484 | D:7      | Found a glowing golden altar of the Shining One.
  6538 | D:7      | Found a radiant altar of Vehumet.
  6541 | D:7      | Found a glowing golden altar of the Shining One.
  6544 | D:7      | Found a sacrificial altar of Ru.
  6759 | D:7      | Reached skill level 1 in Fighting
  7368 | D:7      | Got a warped falchion
  7369 | D:7      | Identified the +6 falchion of Tuefy {vamp, -Tele rElec rF++
                  | rC+} (You found it on level 7 of the Dungeon)
  7520 | D:8      | Found a flagged portal.
  7533 | D:8      | Noticed a cyclops
  7534 | D:8      | Hit by a large rock thrown by a cyclops

Levels and vault maps discovered:
D:1:      minmay_arrival_up_and_down, layout_basic, fountainhead,
          kennysheep_nondescript
D:2:      layout_rooms, old_standard_altar, old_standard_altar,
          minmay_tetromino_s2
D:3:      layout_rooms, gammafunk_ghost_arena, serial_glass, glass_columns_b,
          glass_columns_a, glass_columns_c, glass_columns_a, glass_columns_c,
          glass_columns_a, glass_columns_a, glass_columns_a,
          grunt_decor_one_mirror, uniq_crazy_yiuf_cottage
D:4:      corexii_shack_village, layout_basic, kennysheep_vampire_church,
          okawaru_gym_becter, minmay_temple_entry_enclosed_plants,
          trog_three_pillars_becter, uniq_pikel, uniq_ijyb
D:5:      layout_layer_cave, first_ration, uniq_eustachio
D:6:      layout_gridville, overflow_temple_1_default, lemuel_doored_altar,
          palyth_stone_intersect
D:7:      layout_basic, grunt_temple_overflow_diamond, tso_altar
D:8:      layout_rooms, nicolae_dithmenos_shadow_blocks, lemuel_crystal_altar,
          enter_bailey_2, minmay_misc_feat_hallway

Skill      XL: |  1  2  3  4  5  6  7  8  9 |
---------------+----------------------------+-----
Spellcasting   | 5 6 7 8 9 11 12 | 12.3
Stealth        | 3 4 |  4.3
Conjurations   | 2 4 5 6 7 |  7.6
Dodging        | 3 4 |  4.8
Fire Magic     | 1 2 |  2.1
Air Magic      | 2 |  2.9
Poison Magic   | 1 2 |  2.1
Armour         | 1 2 |  2.3
Translocations | 2 |  2.2
Fighting       | 1 |  1.5
Summonings     | |  1.1

Action                   |  1- 3 |  4- 6 |  7- 9 || total
-------------------------+-------+-------+-------++-------
 Cast: Magic Dart        |   113 |    97 |   321 ||   531
       Blink             |       |     2 |     4 ||     6
       Conjure Flame     |       |     1 |    38 ||    39
       Mephitic Cloud    |       |     1 |    27 ||    28
  Eat: Chunk             |       |     3 |    12 ||    15
       Ration            |       |     1 |       ||     1
Armor: Robe              |     1 |     7 |       ||     8
       Leather armour    |       |       |    14 ||    14
Dodge: Dodged            |     8 |    11 |    65 ||    84
